General information
			
			
        
        - name: BNet
 
        - type: Ladder 1vs1/FFA
 
        - host: Battle.net
 
        - saver: sc2no_wc4yes
 
        
map: TwistedMeadows 
        - players: 2
 
        - length: 03:33
 
        - speed: Fast
 - version: 1.22 W3XP
 - replay type:  Public
 
» download(12 KB)
Players
        team 1 (winner) 
              
              
sc2no_wc4yes (
teal | 46 APM | 165 actions | 03:33)
              
 2 Archmage 
 1 Blizzard
 1 Brilliance Aura
 
                » actions 
                
                | Assign group hotkey | 1 |  | 
| Basic commands | 1 |  | 
| Build / train | 19 |  | 
| Enter build submenu | 10 |  | 
| Enter hero's abilities submenu | 2 |  | 
| Right click | 74 |  | 
| Select / deselect | 40 |  | 
| Select group hotkey | 3 |  | 
| Use ability | 15 |  | 
                165 total
 » units 
                » buildings
                
                | Altar of Kings | 1 |  | 
| Farm | 2 |  | 
| Lumber Mill | 1 |  | 
| Scout Tower | 6 |  | 
| Arcane Tower | 1 |  | 
| Guard Tower | 2 |  | 
                13 total
 » build order
                00:08 Altar of Kings
00:12 Farm
00:37 Lumber Mill
00:53 Farm
01:30 Scout Tower
01:34 Scout Tower
01:51 Scout Tower
02:01 Scout Tower
02:23 Scout Tower
02:23 Scout Tower
02:25 Arcane Tower
02:38 Guard Tower
03:31 Guard Tower
 
               team 2 (loser) 
              
              
» 
iloveddd (
green | 132 APM | 469 actions | 03:32)
              
 2 Archmage 
 1 Summon Water Elemental
 1 Brilliance Aura
 
                » actions 
                
                | Assign group hotkey | 21 |  | 
| Basic commands | 24 |  | 
| Build / train | 21 |  | 
| Enter build submenu | 5 |  | 
| Enter hero's abilities submenu | 2 |  | 
| Right click | 251 |  | 
| Select / deselect | 70 |  | 
| Select group hotkey | 57 |  | 
| Use ability | 17 |  | 
                469 total
 » units 
                » buildings
                
                | Altar of Kings | 1 |  | 
| Farm | 3 |  | 
| Barracks | 1 |  | 
                5 total
 » build order
                00:09 Altar of Kings
00:21 Farm
00:38 Barracks
01:09 Farm
01:55 Farm
 
                Chat log
          (00:16 / All) sc2no_wc4yes: can we go easy this game?
(00:20 / All) sc2no_wc4yes: im not feeling very competitive
(00:25 / All) sc2no_wc4yes: but i feel complled to keep playing